General information
	        
			
        
        - name: Skycity
 
        - type: Custom game
 
        - host: Iceberg-Slim
 
        - saver: Iceberg-Slim
 
        
map: SecretValley 
        - players: 4
 
        - length: 09:32
 
        - speed: Fast
 - version: 1.22 W3XP
 - replay type:  

 
» download(38 KB)
Players
        team 1 (winner) 
              
              
Iceberg-Slim (
purple | 131 APM | 1250 actions | 09:32)
              
 4 Demon Hunter 
 2 Mana Burn
 2 Evasion
 2 Priestess of the Moon 
 1 Trueshot Aura
 1 Searing Arrows
 
                » actions 
                
                | Assign group hotkey | 14 |  | 
| Basic commands | 106 |  | 
| Build / train | 35 |  | 
| Enter build submenu | 11 |  | 
| Enter hero's abilities submenu | 6 |  | 
| Give item / drop item | 1 |  | 
| Remove unit from queue | 1 |  | 
| Right click | 678 |  | 
| Select / deselect | 190 |  | 
| Select group hotkey | 187 |  | 
| Use ability | 21 |  | 
                1250 total
 » units 
                
                | Wisp | 12 |  | 
| Archer | 5 |  | 
| Huntress | 3 |  | 
| Dryad | 1 |  | 
                21 total
 » upgrades
                
                | Improved Bows | 1 |  | 
| Abolish Magic | 1 |  | 
                2 total
 » buildings
                
                | Altar of Elders | 1 |  | 
| Moon Well | 4 |  | 
| Ancient of War | 1 |  | 
| Hunter's Hall | 1 |  | 
| Tree of Ages | 1 |  | 
| Ancient of Wonders | 1 |  | 
| Ancient of Lore | 2 |  | 
| Tree of Eternity | 1 |  | 
                12 total
 » build order
                00:04 Altar of Elders
00:17 Moon Well
00:31 Ancient of War
01:35 Moon Well
02:30 Hunter's Hall
03:38 Tree of Ages
04:02 Moon Well
04:13 Ancient of Wonders
04:54 Moon Well
06:10 Ancient of Lore
06:21 Ancient of Lore
08:11 Tree of Eternity
» items
                 
               team 2 (loser) 
              
              
greedoFthenoob (
pink | 86 APM | 823 actions | 09:31)
              
 3 Archmage 
 2 Summon Water Elemental
 1 Brilliance Aura
 
                » actions 
                
                | Assign group hotkey | 17 |  | 
| Basic commands | 9 |  | 
| Build / train | 40 |  | 
| ESC pressed | 2 |  | 
| Enter build submenu | 17 |  | 
| Enter hero's abilities submenu | 3 |  | 
| Give item / drop item | 1 |  | 
| Right click | 381 |  | 
| Select / deselect | 239 |  | 
| Select group hotkey | 79 |  | 
| Use ability | 35 |  | 
                823 total
 » units 
                
                | Peasant | 9 |  | 
| Footman | 5 |  | 
| Rifleman | 6 |  | 
| Sorceress | 2 |  | 
                22 total
 » buildings
                
                | Altar of Kings | 1 |  | 
| Farm | 5 |  | 
| Barracks | 1 |  | 
| Scout Tower | 2 |  | 
| Arcane Tower | 1 |  | 
| Keep | 4 |  | 
| Arcane Vault | 1 |  | 
| Blacksmith | 1 |  | 
| Arcane Sanctum | 1 |  | 
| Workshop | 1 |  | 
                18 total
 » build order
                00:03 Altar of Kings
00:17 Farm
00:23 Barracks
01:03 Farm
01:35 Scout Tower
02:02 Arcane Tower
02:41 Farm
03:19 Farm
03:54 Farm
04:32 Keep
04:32 Keep
04:33 Keep
04:43 Arcane Vault
06:06 Blacksmith
07:07 Arcane Sanctum
07:17 Workshop
07:38 Scout Tower
» items
                
                | Dust of Appearance | 1 |  | 
| Boots of Speed | 1 |  | 
| Scroll of Regeneration | 1 |  | 
| Scroll of Town Portal | 1 |  | 
                4 total
  
               observersATOUCHOFHERLIPS, 
YEAHSHESASSBATS Chat log
          (00:14 / All) Iceberg-Slim: ~*~ Fight With Honor And Have Excellent Manner ~*~
(00:28 / All) greedoFthenoob: when
(00:29 / All) greedoFthenoob: zenwhen
(00:44 / All) greedoFthenoob: why you a noob elf
(00:46 / All) greedoFthenoob: that waht i want to know
(00:53 / All) greedoFthenoob: cant play the real man's game?>
(01:40 / All) greedoFthenoob: arcnae tower
(01:52 / All) greedoFthenoob: noob going archers
(01:55 / All) greedoFthenoob: a most noob strat
(03:59 / All) greedoFthenoob: hey
(04:03 / All) greedoFthenoob: the map might be called secret valley
(04:06 / All) greedoFthenoob: but they outcome is no secret
(09:30 / All) greedoFthenoob: human garbage